 Dungeon Crawl Stone Soup version 0.23.1-42-g8abd8fc (webtiles) character file.

Game seed: 1161750200275036533

112 Borgoz the Cutter (level 4, -2/27 HPs)
             Began as a Gargoyle Gladiator on Mar 30, 2019.
             Slain by an orc
             ... wielding a +0 hand axe
              (7 damage)
             ... on level 3 of the Dungeon.
             The game lasted 00:02:33 (1682 turns).

Borgoz the Cutter (Gargoyle Gladiator)              Turns: 1682, Time: 00:02:34

Health: -2/27      AC:  5    Str: 19    XL:     4   Next: 95%
Magic:  4/4        EV: 12    Int:  8    God:
Gold:   57         SH:  0    Dex: 11    Spells: 3/3 levels left

rFire    . . .     SeeInvis .   a - +0 rapier
rCold    . . .     Gourm    .   (no shield)
rNeg     + . .     Faith    .   b - +0 leather armour
rPois    ∞         Spirit   .   c - +0 helmet
rElec    +         Reflect  .   (no cloak)
rCorr    .         Harm     .   (no gloves)
MR       .....                  (no boots)
Stlth    +.........             e - amulet of the acrobat
HPRegen  0.09/turn              l - -2 ring of protection (curse)
MPRegen  0.09/turn              (no ring)

@: no status effects
A: negative energy resistance 1, electricity resistance, unbreathing,
petrification resistance, rot immunity, AC +3
a: no special abilities


You were on level 3 of the Dungeon.
You were not hungry.

You visited 1 branch of the dungeon, and saw 3 of its levels.

You collected 57 gold pieces.

Inventory:

Hand Weapons
 a - a +0 rapier (weapon)
Missiles
 d - 3 throwing nets (quivered)
Armour
 b - a +0 leather armour (worn)
 c - a +0 helmet (worn)
Jewellery
 e - an amulet of the acrobat (around neck)
 l - a cursed -2 ring of protection (left hand)
Scrolls
 h - 2 scrolls of teleportation
 j - 4 scrolls of remove curse
 k - a scroll of enchant armour {unknown}
 m - a scroll of amnesia {unknown}
Potions
 g - 3 potions of curing
 i - a potion of might {unknown}
 n - a potion of agility {unknown}
 o - a potion of haste {unknown}
Comestibles
 f - a ration
 p - 2 chunks of flesh


   Skills:
 + Level 2.7 Fighting
 * Level 3.5 Short Blades
 - Level 1.7 Throwing
 + Level 1.6 Armour
 * Level 3.1 Dodging
 + Level 1.7 Stealth


You had 3 spell levels left.
You didn't know any spells.
Your spell library was empty.

Dungeon Overview and Level Annotations

Branches:
Dungeon (3/15)

Altars:
Elyvilon
Okawaru
Uskayaw


Innate Abilities, Weirdness & Mutations

You are resistant to torment.
Your stone body is resilient. (AC +3)
You are immune to poison.
You resist negative energy. (rN+)
You are resistant to electric shocks. (rElec)
You can survive without breathing.
You are immune to petrification.
You are immune to rotting.


Message History

You barely miss the orc.
The orc is heavily wounded.
The orc hits you with a +0 hand axe.
* * * LOW HITPOINT WARNING * * *
You hit the orc.
The orc is severely wounded.
The orc barely misses you.
You hit the orc but do no damage.
The orc is severely wounded.
The orc closely misses you.
You hit the orc but do no damage.
The orc is severely wounded.
The orc barely misses you.
You barely miss the orc.
The orc is severely wounded.
The orc misses you.
You closely miss the orc.
The orc is severely wounded.
The orc hits you with a +0 hand axe!
You die...

#### .... #.... #....#####
.........# .$.......#
#######
......)..########.....#####
...........o@..............
......†..########..........
.........# ######..........
.........# #....#......##
########## #...........#
#.......###.# ###.......#
#.# .........## #.#
.......#.# #.#


You could see an orc.

Vanquished Creatures
  2 adders (D:2)
  An ooze (D:1)
  2 dart slugs
  4 leopard geckos
  5 orcs (D:3)
  11 bats
  4 giant cockroaches
  6 goblins
  9 hobgoblins
  4 jackals (D:1)
  2 quokkas (D:2)
  2 frilled lizards (D:1)
  9 kobolds
  9 rats
70 creatures vanquished.

Vanquished Creatures (others)
  A quokka (D:2)
1 creature vanquished.

Grand Total: 71 creatures vanquished

Notes
Turn   | Place    | Note
-------+----------+-------------------------------------------
     0 | D:1      | Borgoz the Gargoyle Gladiator began the quest for the Orb.
     0 | D:1      | Reached XP level 1. HP: 12/12 MP: 1/1
    27 | D:1      | Reached XP level 2. HP: 15/17 MP: 2/2
    78 | D:1      | Reached skill level 1 in Armour
   355 | D:1      | Reached XP level 3. HP: 22/22 MP: 3/3
   376 | D:1      | Reached skill level 1 in Stealth
   743 | D:2      | Reached XP level 4. HP: 22/27 MP: 4/4
   750 | D:2      | Found an iron altar of Okawaru.
   750 | D:2      | Found a hide-covered altar of Uskayaw.
   921 | D:2      | Found a white marble altar of Elyvilon.
  1682 | D:3      | Slain by an orc

Skill      XL: |  1  2  3  4 |
---------------+-------------+-----
Armour         | 1 |  1.6
Short Blades   | 3 |  3.5
Stealth        | 1 |  1.7
Dodging        | 3 |  3.1
Fighting       | |  2.7
Throwing       | |  1.7

Action                   |  1- 3 |  4- 6 || total
-------------------------+-------+-------++-------
Melee: Rapier            |   113 |   116 ||   229
  Use: Scroll            |       |     4 ||     4
  Eat: Chunk             |       |     3 ||     3
Armor: Leather armour    |    73 |    27 ||   100
Dodge: Dodged            |   109 |    78 ||   187
